 Dungeon Crawl Stone Soup version 0.30-a0-305-g026cb31310 (webtiles) character file.

Game seed: 6360830954946544991

19802 Lobster4 the Arsonist (level 12, -11/106 HPs)
             Began as a Hill Orc Fire Elementalist on Oct 22, 2022.
             Was an Elder of Vehumet.
             Mangled by a guardian serpent (14 damage)
             ... on level 1 of the Abyss.
             The game lasted 01:08:56 (20883 turns).

Lobster4 the Arsonist (Hill Orc Fire Elementalist) Turns: 20883, Time: 01:08:57

Health: -11/106    AC: 16    Str: 14    XL:     12   Next: 72%
Magic:  26/31      EV: 10    Int: 17    God:    Vehumet [****..]
Gold:   663        SH:  0    Dex: 11    Spells: 9/24 levels left

rFire   + . .      SeeInvis .    a - +3 flail (freeze)
rCold   + + .      Faith    .    (no shield)
rNeg    . . .      Spirit   .    Q - +2 ring mail {rC+}
rPois   .          Reflect  .    q - +0 helmet
rElec   .          Harm     .    h - scarf {rC+ rF+}
rCorr   .          Rampage  .    e - +2 pair of gloves
Will    .....                    (no boots)
Stlth   +.........               (no amulet)
HPRegen 0.37/turn                l - +4 ring of protection
MPRegen 0.22/turn                F - ring of magical power

@: lethally poisoned (-11 -> -19), slowed, very slow
A: no striking features
a: Renounce Religion


You were on level 1 of the Abyss.
You worshipped Vehumet.
Vehumet was greatly pleased with you.
You visited 4 branches of the dungeon, and saw 13 of its levels.
You visited the Abyss 1 time.
You also visited: Sewer.

You collected 1029 gold pieces.
You spent 366 gold pieces at shops.

Inventory:

Hand Weapons
 a - a +3 flail of freezing (weapon)
 b - a +0 sling
 c - a +4 mace
 G - a +0 arbalest
 M - a +1 war axe
 S - a +4 scimitar of flaming
 U - a +0 shortbow
Missiles
 i - 11 poisoned darts (quivered)
 j - 3 throwing nets
 n - 12 boomerangs
 I - 4 javelins
Armour
 e - a +2 pair of gloves (worn)
 h - a scarf of resistance (worn)
 q - a +0 helmet (worn)
 u - a +2 robe of fire resistance
 D - the +1 leather armour of Pride {+Blink Regen+ MP-9}
   (You bought it in a shop on level 9 of the Dungeon)

   MP:        It affects your magic capacity (-9).
   +Blink:    It lets you blink.
   Regen:     It increases your rate of health regeneration.
 H - a +4 scale mail
 Q - a +2 ring mail of cold resistance (worn)
 T - a +1 robe of willpower
Jewellery
 g - a +6 ring of intelligence
 k - a ring of flight
 l - a +4 ring of protection (left hand)
 y - a ring of see invisible
 F - a ring of magical power (right hand)
Wands
 x - a wand of charming (3)
 N - a wand of digging (8)
Scrolls
 m - 4 scrolls of fog
 o - a scroll of enchant weapon
 v - a scroll of summoning {unknown}
 w - a scroll of magic mapping
 z - 2 scrolls of immolation
 A - 2 scrolls of teleportation
 C - a scroll of vulnerability {unknown}
 K - a scroll of identify
 V - a scroll of blinking {unknown}
Potions
 d - 8 potions of curing
 p - 2 potions of heal wounds
 r - 3 potions of might {unknown}
 s - a potion of flight
 t - a potion of invisibility
 B - 4 potions of magic
 E - 4 potions of mutation {unknown}
 J - 4 potions of haste
 L - a potion of brilliance
 O - 4 potions of cancellation {unknown}
 P - a potion of degeneration {unknown}
 R - a potion of resistance {unknown}
Miscellaneous
 f - a lightning rod (inert)
 W - a condenser vane (inert)


   Skills:
 - Level 10.0 Fighting
 - Level 4.0 Axes
 + Level 2.1 Ranged Weapons
 - Level 1.0 Throwing
 - Level 6.0 Armour
 - Level 1.5 Dodging
 - Level 2.0 Stealth
 + Level 6.7 Spellcasting
 + Level 8.4 Conjurations
 * Level 13.4 Fire Magic
 - Level 4.0 Earth Magic
 - Level 3.0 Evocations


You had 9 spell levels left.
You knew the following spells:

 Your Spells              Type           Power      Damage    Failure   Level
a - Foxfire               Conj/Fire      100%       2x1d9     1%          1
b - Scorch                Fire           100%       2d10      1%          2
c - Flame Wave            Conj/Fire      42%        2d11      1%          4
d - Magic Dart            Conj           100%       1d8       1%          1
e - Stone Arrow           Conj/Erth      52%        3d10      1%          3
f - Sticky Flame          Conj/Fire      42%        2d6       1%          4

Your spell library contained the following spells:

 Spells                   Type           Power      Damage    Failure   Level
 Irradiate                Conj/Tmut      10%        3d15      28%         5
 Inner Flame              Hex/Fire       28%        N/A       1%          3
 Ignite Poison            Fire/Tmut/Pois 20%        N/A       3%          3
 Kindle Blastsparks       Fire/Tloc/Air  40%        2d13      3%          3
 Passwall                 Tmut/Erth      10%        N/A       14%         2
 Ensorcelled Hibernation  Hex/Ice        10%        N/A       32%         2
 Swiftness                Air            5%         N/A       54%         3
 Ignition                 Fire           25%        3d9       78%         8


Dungeon Overview and Level Annotations

Branches:
Dungeon (10/15)            Temple (1/1) D:5            Lair (1/5) D:10
    Orc (1/2) D:10          Sewer (visited)

Altars:
Ashenzari
Cheibriados
Dithmenos
Elyvilon
Fedhas
Gozag
Hepliaklqana
Kikubaaqudgha
Makhleb
Nemelex Xobeh
Okawaru
Qazlal
Ru
Sif Muna
Trog
Uskayaw
Vehumet
Wu Jian
Xom
Yredelemnul
Zin
The Shining One

Shops:
D:4 [   D:7 **   D:9 =?[   D:10 (   Orc:1 *

Annotations:
Lair:1 Maggie


Message History

The splash of poison hits you.
You are more poisoned.
The naga mage casts a spell at you.
The bolt of poison hits you but does no damage.
You are more poisoned.
The bolt of poison hits the guardian serpent!
The guardian serpent hits you.
You sock the guardian serpent! You freeze the guardian serpent.
The guardian serpent is severely wounded.
You feel extremely sick.
The guardian serpent is no longer more vulnerable to fire.
The fire elemental hits you. The fire elemental burns you! You resist.
The guardian serpent completely misses you.
The naga mage closely misses you. The naga mage grabs you.
The naga mage constricts you.
The naga warrior roars a battlecry!
The naga mage goes into a battle-frenzy!
The fire elemental hits you. The fire elemental burns you! You resist.
You hit the naga warrior but do no damage.
You feel very sick.
The guardian serpent casts a spell at you.
You feel yourself slow down. The fire elemental hits you.
The fire elemental burns you! You resist. The guardian serpent hits you!
The naga mage hits you with a +0 flail! The naga mage constricts you.
The naga warrior hits you with a +0 halberd!!
* * * LOW HITPOINT WARNING * * *
The fire elemental hits you. The fire elemental burns you! You resist.
* * * LOW HITPOINT WARNING * * *
You hit the naga mage. You freeze the naga mage.
You kill the naga mage!
Vehumet accepts your kill.
You feel your power returning.
* * * LOW HITPOINT WARNING * * *
You feel extremely sick.
The guardian serpent hits you but does no damage.
The guardian serpent hits you!
* * * LOW HITPOINT WARNING * * *
The fire elemental barely misses you. The naga warrior barely misses you.
The naga warrior completely misses you. The guardian serpent hits you!
You die...

.#☼###.#
##.##.#. .. #.#
#..#......#..#.
..##....#.#.#..
.#....#.#...#.#
#.#.......##.#
#### .#.#...#
##.#E#S##
###@#.. #)N# ..
...## .....
..#...# #..#..
.....# .##..


You could see a naga warrior, a guardian serpent and a fire elemental.

Vanquished Creatures
  Josephine (D:9)
  Harold (Lair:1)
  6 two-headed ogres
  Erica (D:8)
  2 death yaks (D:10)
  A black mamba (Lair:1)
  A naga mage (Abyss:1)
  A cane toad (Lair:1)
  4 komodo dragons
  A troll (D:10)
  A polar bear (Lair:1)
  4 dream sheep (D:10)
  5 wraiths
  2 wyverns
  A basilisk (Lair:1)
  14 yaks
  2 steam dragons (D:6)
  Menkaure (D:6)
  Edmund (D:5)
  3 wargs (D:10)
  9 water moccasins (Lair:1)
  17 orc warriors
  A sky beast (D:6)
  A black bear (D:6)
  4 ogres
  3 centaurs
  2 kobold brigands (D:7)
  3 bullfrogs
  4 scorpions
  4 necrophages
  6 wights
  11 killer bees
  A howler monkey (D:5)
  3 electric eels (D:10)
  A jelly (D:7)
  11 orc priests
  7 hounds
  A gnoll bouda (D:5)
  Terence (D:2)
  3 iguanas
  16 orc wizards
  A hell rat (D:10)
  11 gnolls
  7 adders
  2 river rats (Sewer)
  A shadow imp (D:6)
  A white imp (D:6)
  An ufetubus (D:6)
  A worm (D:3)
  2 dart slugs
  68 orcs
  20 ball pythons
  10 endoplasms
  2 giant cockroaches (D:4)
  4 hobgoblins
  6 jackals
  17 kobolds
  6 quokkas
  3 bats
  5 frilled lizards
  5 goblins
  36 rats
371 creatures vanquished.

Vanquished Creatures (collateral kills)
  An orc priest (D:10)
  An orc (D:10)
2 creatures vanquished.

Vanquished Creatures (others)
  1331 foxfires
  2 fungi (Lair:1)
  41 plants
1374 creatures vanquished.

Grand Total: 1747 creatures vanquished

Notes
Turn   | Place    | Note
-------+----------+-------------------------------------------
     0 | D:1      | Lobster4 the Hill Orc Fire Elementalist began the quest for
                  | the Orb.
     0 | D:1      | Reached XP level 1. HP: 14/14 MP: 3/3
   246 | D:1      | Reached XP level 2. HP: 22/22 MP: 0/4
   480 | D:1      | Reached skill level 1 in Fighting
  1082 | D:2      | Reached XP level 3. HP: 28/28 MP: 1/5
  1396 | D:2      | Noticed Terence
  1429 | D:1      | Learned a level 2 spell: Scorch
  1470 | D:1      | Reached skill level 1 in Armour
  1958 | D:2      | Killed Terence
  1959 | D:2      | Reached XP level 4. HP: 36/36 MP: 0/6
  2406 | D:2      | Reached skill level 4 in Fire Magic
  2880 | D:3      | Reached XP level 5. HP: 41/41 MP: 8/8
  3166 | D:3      | Found a glowing drain.
  3170 | Sewer    | Entered a sewer
  4207 | Sewer    | Reached XP level 6. HP: 39/50 MP: 5/9
  4226 | Sewer    | Reached skill level 5 in Fire Magic
  5889 | D:4      | Found an ornate altar of the Wu Jian Council.
  6144 | D:4      | Found Ossu Uluz's Antique Armour Emporium.
  6186 | D:5      | Entered Level 5 of the Dungeon
  6307 | D:5      | Reached XP level 7. HP: 57/57 MP: 5/10
  6470 | D:5      | Reached skill level 1 in Axes
  6487 | D:5      | Found a staircase to the Ecumenical Temple.
  6498 | D:5      | Reached skill level 1 in Evocations
  6504 | Temple   | Entered the Ecumenical Temple
  6626 | Temple   | Became a worshipper of Vehumet
  7109 | D:5      | Reached skill level 6 in Fire Magic
  7251 | D:5      | Reached XP level 8. HP: 66/66 MP: 5/12
  7649 | D:5      | Noticed Edmund
  8102 | D:6      | Noticed Menkaure
  8104 | D:6      | Killed Menkaure
  8162 | D:6      | Learned a level 4 spell: Flame Wave
  8191 | D:6      | Reached skill level 7 in Fire Magic
  8383 | D:6      | Reached skill level 5 in Fighting
  8445 | D:6      | Reached * piety under Vehumet
  8445 | D:6      | Offered knowledge of Magic Dart by Vehumet.
  8446 | D:6      | Reached XP level 9. HP: 74/74 MP: 8/14
  8448 | D:6      | Learned a level 1 spell: Magic Dart
  9282 | D:7      | Reached skill level 8 in Fire Magic
  9462 | D:7      | Found Vephozafo's General Store.
  9463 | D:7      | Found Govvaz's Specific Store.
 11008 | D:8      | Noticed a two-headed ogre
 11015 | D:8      | Killed a two-headed ogre
 11016 | D:8      | Reached skill level 5 in Armour
 11016 | D:8      | Reached skill level 5 in Conjurations
 11016 | D:8      | Reached skill level 9 in Fire Magic
 11016 | D:8      | Reached XP level 10. HP: 84/84 MP: 8/16
 11136 | D:8      | Reached ** piety under Vehumet
 11136 | D:8      | Offered knowledge of Freeze by Vehumet.
 11331 | D:8      | Noticed a two-headed ogre
 11669 | D:8      | Killed a two-headed ogre
 12012 | D:8      | Reached skill level 10 in Fire Magic
 12158 | D:8      | Noticed Erica
 12170 | D:8      | Killed Erica
 12171 | D:8      | Reached skill level 5 in Spellcasting
 12465 | D:9      | Found Juryst's Antique Armour Emporium.
 12664 | D:9      | Found Vompuosch's Magic Scroll Shoppe.
 12680 | D:9      | Noticed a two-headed ogre
 12713 | D:9      | Offered knowledge of Stone Arrow by Vehumet.
 12724 | D:8      | Reached XP level 11. HP: 70/94 MP: 6/18
 12728 | D:8      | Learned a level 3 spell: Stone Arrow
 12830 | D:8      | Killed a two-headed ogre
 12835 | D:8      | Reached skill level 11 in Fire Magic
 13131 | D:9      | Bought a scroll of identify for 32 gold pieces
 13207 | D:9      | Reached *** piety under Vehumet
 13241 | D:9      | Found Hoabbesiy's Jewellery Shoppe.
 13882 | D:10     | Entered Level 10 of the Dungeon
 14269 | D:10     | Noticed a two-headed ogre
 14276 | D:10     | Killed a two-headed ogre
 14287 | D:9      | Reached skill level 1 in Earth Magic
 14395 | D:10     | Noticed Josephine
 14826 | D:10     | Offered knowledge of Iskenderun's Mystic Blast by Vehumet.
 15125 | D:10     | Found a staircase to the Orcish Mines.
 15429 | D:10     | Noticed a death yak
 15601 | D:10     | Noticed a two-headed ogre
 16076 | D:10     | Killed a two-headed ogre
 16112 | D:10     | Found a staircase to the Lair.
 16113 | D:10     | Noticed a death yak
 16113 | D:10     | Noticed a death yak
 16137 | D:9      | Bought a faintly humming leather armour for 154 gold pieces
 16137 | D:9      | Identified the +1 leather armour of Pride {+Blink Regen+
                  | MP-9} (You bought it in a shop on level 9 of the Dungeon)
 16510 | D:10     | Found a basalt altar of Yredelemnul.
 16528 | D:10     | Found Vaapn's Weapon Shop.
 16639 | D:10     | Noticed a two-headed ogre
 16651 | D:10     | Killed a two-headed ogre
 16651 | D:10     | Reached **** piety under Vehumet
 16652 | D:10     | Reached skill level 12 in Fire Magic
 16796 | D:10     | Learned a level 4 spell: Sticky Flame
 17119 | D:10     | Killed a death yak
 17120 | D:10     | Reached skill level 1 in Throwing
 17120 | D:10     | Reached XP level 12. HP: 104/104 MP: 9/21
 17124 | D:10     | Killed a death yak
 17263 | D:9      | Killed Josephine
 17263 | D:9      | Offered knowledge of Irradiate by Vehumet.
 17687 | D:5      | Killed Edmund
 17929 | Lair:1   | Entered Level 1 of the Lair of Beasts
 17929 | Lair:1   | Noticed Harold
 18159 | Orc:1    | Entered Level 1 of the Orcish Mines
 18311 | Orc:1    | Found Zolu's Assorted Antiques.
 18892 | Orc:1    | Noticed an orc warlord
 18932 | Orc:1    | Noticed a sun demon
 19934 | D:4      | Bought a pair of embroidered gloves for 180 gold pieces
 20099 | Lair:1   | Killed Harold
 20169 | Lair:1   | Reached skill level 1 in Ranged Weapons
 20169 | Lair:1   | Reached skill level 13 in Fire Magic
 20292 | Lair:1   | Reached skill level 10 in Fighting
 20772 | Lair:1   | Noticed Maggie
 20778 | Abyss:1  | Found a corrupted altar of Lugonu.
 20778 | Abyss:1  | Cast into level 1 of the Abyss (Maggie)
 20880 | Abyss:1  | Noticed a naga warrior
 20883 | Abyss:1  | HP: 3/106 [guardian serpent (9)]
 20883 | Abyss:1  | Mangled by a guardian serpent

Illustrated notes

Levels and vault maps discovered:
D:1:      shiori_arrival_elements, layout_rooms, serial_corexii_hall,
          chequers_hall_statues_corner_a, corexii_hall_statues_s,
          dreamdust_wishing_well
D:2:      layout_loops_ring, uniq_terence
D:3:      layout_loops_corners, gup_sewer_entry_spiral,
          minmay_misc_feat_columns, wad_woods_river_04, minmay_misc_feat_rugged
D:4:      layout_cave_pods, old_standard_altar, serial_shops, shop
D:5:      layout_loops_ring, temple_statues, serial_glass, glass_columns_b,
          glass_columns_b, chequers_big_river, kennysheep_generic_room_11,
          uniq_edmund
D:6:      layout_rooms, serial_curves, eino_curves_03, eino_curves_02,
          minmay_curled_crystal, uniq_menkaure
D:7:      layout_cave_pods, nicolae_specific_store
D:8:      layout_gridville, uniq_erica
D:9:      layout_irregular_city, serial_shops, shop_coins, nicolae_shop_stone,
          nicolae_take_the_stairs
D:10:     layout_basic, lemuel_coloured_pillars_altar, dpeg_lair_monsters,
          david_orc_4, serial_shops, shop, uniq_josephine
Temple:   nicolae_temple_slightly_damp_pantheon
Lair:1:   statuecave_lemuel, layout_loops_ring, beast_lair_carwin_7, uniq_sonja,
          uniq_harold, uniq_maggie
Orc:1:    layout_caves, serial_shops, shop
Abyss:1:  base:
D:13

Skill      XL: |  1  2  3  4  5  6  7  8  9 10 11 12 |
---------------+-------------------------------------+-----
Fighting       | 1 2 3 4 5 6 7 9 10 | 10.0
Armour         | 1 2 3 4 5 6 |  6.0
Stealth        | 2 |  2.0
Spellcasting   | 2 3 4 5 6 |  6.7
Fire Magic     | 4 5 6 7 9 10 12 13 | 13.4
Conjurations   | 2 3 4 5 6 7 8 |  8.4
Axes           | 2 4 |  4.0
Evocations     | 1 3 |  3.0
Earth Magic    | 2 4 |  4.0
Throwing       | 1 |  1.0
Ranged Weapons | 2 |  2.1
Dodging        | |  1.5

Action                   |  1- 3 |  4- 6 |  7- 9 | 10-12 || total
-------------------------+-------+-------+-------+-------++-------
Melee: Trident           |    11 |       |       |       ||    11
       Quarterstaff      |    18 |   102 |    10 |       ||   130
       Flail             |       |       |       |    38 ||    38
       Punch             |       |       |       |     1 ||     1
 Fire: Arbalest          |       |       |       |    57 ||    57
Throw: Dart              |     6 |     5 |     4 |    15 ||    30
 Cast: Foxfire           |    55 |   128 |   178 |   414 ||   775
       Scorch            |     1 |    21 |    56 |   201 ||   279
       Stone Arrow       |       |       |       |    22 ||    22
       Magic Dart        |       |       |       |    11 ||    11
       Flame Wave        |       |       |       |     2 ||     2
       Sticky Flame      |       |       |       |     7 ||     7
Evoke: Lightning rod     |       |       |       |     6 ||     6
       Wand              |       |       |       |     5 ||     5
       Condenser vane    |       |       |       |     1 ||     1
  Use: Scroll            |     5 |     5 |     2 |     6 ||    18
       Potion            |     1 |       |       |     4 ||     5
 Stab: Sleeping          |       |     1 |       |       ||     1
Armor: Robe              |       |    25 |       |       ||    25
       Leather armour    |       |       |    16 |       ||    16
       Ring mail         |       |       |    15 |   232 ||   247
Dodge: Dodged            |    35 |    39 |    35 |   222 ||   331

Table legend: (Time is in decaauts)
 A = Elapsed time spent in this place.
 B = Non-inter-level travel time spent in this place.
 C = Inter-level travel time spent in this place.
 D = Time resting spent in this place.
 E = Time spent auto-exploring this place.
 F = Levels seen in this place.
 G = Mean time per level.
                   A        B        C        D        E       F      G
               +--------+--------+--------+--------+--------+-----+--------+
         Total |  21152 |  19206 |   1946 |   7668 |   6503 |  15 | 1410.1 |
       Dungeon |  18662 |  16734 |   1928 |   6517 |   5941 |  10 | 1866.2 |
        Temple |    237 |    219 |     18 |      0 |    191 |   1 |  237.0 |
          Lair |    644 |    644 |      0 |    263 |    232 |   1 |  644.0 |
  Orcish Mines |    331 |    331 |      0 |    187 |     35 |   1 |  331.0 |
         Abyss |    105 |    105 |      0 |     29 |     44 |   1 |  105.0 |
         Sewer |   1170 |   1170 |      0 |    672 |     60 |   1 | 1170.0 |
               +--------+--------+--------+--------+--------+-----+--------+

Top non-repeatable levels by time:
    D:10: 3931 daAuts
     D:9: 2663 daAuts
     D:7: 2138 daAuts
     D:5: 1839 daAuts
     D:2: 1458 daAuts
     D:8: 1440 daAuts
     D:3: 1361 daAuts
     D:6: 1322 daAuts
     D:4: 1257 daAuts
     D:1: 1249 daAuts
   Sewer: 1170 daAuts
  Lair:1: 644 daAuts
   Orc:1: 331 daAuts
  Temple: 237 daAuts
 Abyss:1: 105 daAuts
